 Dungeon Crawl Stone Soup version 0.25-a0-737-g26c3a87 (webtiles) character file.

Game seed: 11246281240727137751, levelgen mode: deterministic

30578 BeowulfAlex the Geomancer (level 13, -24/85 HPs)
             Began as a Gargoyle Earth Elementalist on Apr 12, 2020.
             Was a High Priest of Vehumet.
             Annihilated by a dire elephant (26 damage)
             ... in a Gauntlet.
             The game lasted 01:01:13 (17538 turns).

BeowulfAlex the Geomancer (GrEE)                   Turns: 17538, Time: 01:01:14

Health: -24/85     AC: 25    Str: 17    XL:     13   Next: 52%
Magic:  8/33       EV: 12    Int: 19    God:    Vehumet [*****.]
Gold:   1011       SH:  0    Dex: 13    Spells: 7/27 levels left

rFire    . . .     SeeInvis +   M - +1 dire flail
rCold    . . .     Gourm    .   (shield currently unavailable)
rNeg     + . .     Faith    .   R - +0 troll leather armour
rPois    ∞         Spirit   .   c - +2 helmet {SInv}
rElec    +         Reflect  .   y - +2 cloak {rPois}
rCorr    .         Harm     .   F - +2 pair of gloves {Str+3}
MR       .....     NoTele   +   (no boots)
Stlth    ++........             (no amulet)
HPRegen  0.64/turn              Y - +3 ring of dexterity
MPRegen  0.23/turn              G - ring of magical power

@: brilliant, stab, hasted, very quick
A: negative energy resistance 1, electricity resistance, unbreathing,
petrification resistance, rot immunity, AC +9
a: Renounce Religion


You were in a Gauntlet.
You worshipped Vehumet.
Vehumet was extremely pleased with you.
You were not hungry.

You visited 3 branches of the dungeon, and saw 17 of its levels.
You also visited: Gauntlet.

You collected 1011 gold pieces.

Inventory:

Hand Weapons
 f - a +2 quarterstaff of chaos
 C - a +1 whip of freezing
 K - a +3 flail of holy wrath
 M - a +1 dire flail (weapon)
Missiles
 b - 311 stones
 p - 8 silver javelins
 z - 53 poisoned darts
 B - 7 boomerangs
 X - 4 javelins (quivered)
Armour
 c - a +2 helmet of see invisible (worn)
 y - a +2 cloak of poison resistance (worn)
 F - a +2 pair of gloves of strength (worn)
 R - a +0 troll leather armour (worn)
Magical Staves
 L - an uncursed staff of earth
Jewellery
 e - an uncursed ring of wizardry
 h - an uncursed ring of wizardry
 G - a ring of magical power (right hand)
 J - an uncursed ring of see invisible
 Y - a +3 ring of dexterity (left hand)
Wands
 A - a wand of acid (3)
 D - a wand of scattershot (13)
 H - a wand of flame (50)
 O - a wand of digging (6)
 T - a wand of clouds (6)
 U - a wand of iceblast (7)
Scrolls
 a - 4 scrolls of amnesia
 i - 2 scrolls of magic mapping
 l - 3 scrolls of fog
 n - 4 scrolls of enchant weapon
 r - 10 scrolls of remove curse
 t - 5 scrolls of fear
 v - 4 scrolls of teleportation
 w - 3 scrolls of blinking
 E - 2 scrolls of enchant armour {unknown}
 N - a scroll of acquirement {unknown}
 V - a scroll of vulnerability {unknown}
Potions
 g - 2 potions of brilliance
 j - 6 potions of curing
 k - 2 potions of heal wounds {unknown}
 m - 2 potions of resistance {unknown}
 o - a potion of ambrosia {unknown}
 q - a potion of mutation {unknown}
 s - 5 potions of haste
 u - 6 potions of flight
 x - a potion of invisibility {unknown}
 I - a potion of degeneration {unknown}
 Q - a potion of lignification {unknown}
 S - a potion of cancellation {unknown}
 W - a potion of magic {unknown}
 Z - a potion of might {unknown}
Comestibles
 d - 24 rations


   Skills:
 * Level 11.7 Fighting
 + Level 7.7 Maces & Flails
 + Level 7.9 Armour
 - Level 2.0 Dodging
 - Level 2.1 Stealth
 + Level 7.6 Spellcasting
 + Level 8.7 Conjurations
 - Level 1.0 Hexes
 - Level 3.0 Charms
 - Level 1.0 Transmutations
 - Level 3.0 Air Magic
 * Level 13.6 Earth Magic


You had 7 spell levels left.
You knew the following spells:

 Your Spells              Type           Power        Failure   Level  Hunger
a - Sandblast             Erth           ######       1%          1    None
b - Stone Arrow           Conj/Erth      ######       1%          3    None
c - Petrify               Tmut/Erth      ######..     5%          4    None
d - Lee's Rapid Deconstr  Erth           ######....   1%          5    None
e - Swiftness             Chrm/Air       ####....     4%          2    None
f - Yara's Violent Unrav  Hex/Tmut       ###.......   45%         5    None

Your spell library contained the following spells:

 Spells                   Type           Power        Failure   Level  Hunger
 Starburst                Conj/Fire      #####.....   54%         6    None
 Magic Dart               Conj           ####         1%          1    None
 Shock                    Conj/Air       ####         1%          1    None
 Passwall                 Tmut/Erth      ######..     1%          2    None
 Conjure Flame            Conj/Fire      #####...     1%          3    None
 Mephitic Cloud           Conj/Pois/Air  ####....     1%          3    None
 Static Discharge         Conj/Air       #####...     1%          3    None
 Lightning Bolt           Conj/Air       #####.....   7%          5    None
 Corona                   Hex            ###....      8%          1    None
 Airstrike                Air            ####......   9%          4    None
 Animate Skeleton         Necr           N/A          11%         1    None
 Apportation              Tloc           ##....       11%         1    None
 Pain                     Necr           ##..         11%         1    None
 Summon Small Mammal      Summ           ##..         11%         1    None
 Slow                     Hex            ###.....     11%         2    None
 Blink                    Tloc           N/A          17%         2    None
 Call Imp                 Summ           ##......     17%         2    None
 Confusing Touch          Hex            ###.....     22%         3    None
 Gell's Gravitas          Tloc           ##........   32%         3    None
 Vampiric Draining        Necr           ##........   32%         3    None
 Animate Dead             Necr           N/A          73%         4    None
 Metabolic Englaciation   Hex/Ice        ##........   94%         5    None
 Agony                    Necr           ##......     97%         5    None


Dungeon Overview and Level Annotations

Branches:
Dungeon (10/15)            Temple (1/1) D:5            Lair (6/6) D:10
 Shoals (0/4) Lair:4       Spider (0/4) Lair:3        Slime (0/5) Lair:5
    Orc (0/2) D:10        Gauntlet (1/1)

Altars:
Ashenzari
Cheibriados
Dithmenos
Elyvilon
Fedhas
Gozag
Hepliaklqana
Kikubaaqudgha
Makhleb
Nemelex Xobeh
Okawaru
Qazlal
Ru
Sif Muna
Trog
Uskayaw
Vehumet
Wu Jian
Xom
Yredelemnul
Zin
The Shining One
Beogh
Jiyva

Shops:
D:10 %

Portals:
Trove: D:10 (give +7 demon trident)

Annotations:
Lair:3 3 runed translucent doors, Tudghun's ghost, journeyman MfSk Gauntlet 6 transporters, 2 runed translucent doors


Innate Abilities, Weirdness & Mutations

You are resistant to torment.
Your stone body is resilient. (AC +9)
You are immune to poison.
You resist negative energy. (rN+)
You are resistant to electric shocks. (rElec)
You can survive without breathing.
You are immune to petrification.
You are immune to rotting.


Message History

The minotaur is severely wounded.
The minotaur is engulfed in poison gas.
The minotaur looks even sicker.
You hit the dire elephant but do no damage.
The dire elephant is severely wounded.
The helpless dire elephant fails to defend itself.
You puncture the dire elephant!
The dire elephant is almost dead.
The dire elephant seems less confused.
The dire elephant tramples you!
* * * LOW HITPOINT WARNING * * *
You hold your ground!
The dire elephant completely misses you.
The minotaur is engulfed in noxious fumes.
The minotaur appears confused.
Evoke which item? (* to show all) (? for menu, Esc to quit)
Aiming: Cloud Cone
Press: ? - help, Dir - move target cursor, p - minotaur You create a blast of noxious fumes!
The dire elephant is engulfed in noxious fumes.
The dire elephant tramples you!!
You die...

### ### ### ##
#≈###≈###≈###≈##
≈≈≈#≈≈≈#≈≈≈#≈≈≈#
.............≈#
...#########.#######
.8.#....Y..#.≈##...#
...#..####Y#.≈≈#.8.# ##
####.#...#"#.≈##@Y§# ..
©.©#.#.©.#©#.###§8§##.#
.8.#.#...#/#..##.§○§..#
...#.####..#...#.8H##.#
.8.#.......#.∩.#..○# ..
...#########...#.°.# .#
.8.....#.....8.#..(...#
'.
...#########...#.©.##.#
# .8.#Z##Z#?=#.∩.#...#
.H


You could see a dire elephant and a minotaur (confused).

Vanquished Creatures
  2 two-headed ogres
  A death yak (D:10)
  Nergalle (Lair:1)
  An unseen horror (D:10)
  Pikel (D:6)
  10 elephants
  Maurice (D:10)
  4 molten gargoyles (D:9)
  5 black mambas
  7 spiny frogs
  4 komodo dragons
  An ice devil (Gauntlet)
  A troll (D:10)
  A jumping spider (Lair:3)
  A polar bear (Lair:2)
  Grinder (D:3)
  14 blink frogs
  8 hippogriffs
  5 dream sheep (Lair:5)
  2 shadows (Gauntlet)
  16 yaks
  3 redbacks (Lair:3)
  Sigmund (D:3)
  A spriggan (D:7)
  Grum (D:8)
  A wyvern (Lair:3)
  2 basilisks
  Menkaure (D:4)
  A soldier ant (D:10)
  6 water moccasins
  Duvessa (D:7)
  7 porcupines
  3 ice beasts
  2 black bears
  2 sky beasts
  A slave (D:6)
  A necrophage (D:6)
  4 wolves (D:8)
  11 ogres
  An orc warrior (D:6)
  10 centaurs
  A big kobold (D:9)
  5 crocodiles
  12 bullfrogs
  Blork the orc (D:4)
  A wyvern skeleton (D:8)
  2 scorpions
  Dowan (D:7)
  4 killer bees (D:8)
  6 wights (D:7)
  3 howler monkeys
  2 quasits
  A bullfrog zombie (D:6)
  2 crimson imps
  3 hounds
  3 jellies
  A bullfrog skeleton (D:9)
  13 orc wizards
  Crazy Yiuf (D:3)
  9 orc priests
  A centaur skeleton (D:6)
  3 iguanas
  Ijyb (D:5)
  3 worker ants
  A howler monkey zombie (D:5)
  A worker ant zombie (D:7)
  12 adders
  11 gnolls
  A shadow imp (D:6)
  2 white imps (Gauntlet)
  2 oozes
  An adder zombie (D:9)
  3 adder skeletons
  5 worms
  5 dart slugs
  4 leopard geckos
  42 orcs
  2 ball pythons
  5 bats
  3 giant cockroaches
  8 goblins
  4 hobgoblins
  5 jackals
  21 kobolds
  A giant cockroach zombie (D:5)
  A jackal skeleton (D:7)
  A jackal zombie (D:6)
  2 leopard gecko skeletons
  8 rats
377 creatures vanquished.

Vanquished Creatures (others)
  A slave (D:6)
  A big kobold (D:9)
  A leopard gecko (D:6)
  2 kobolds (D:9)
  5 fungi
10 creatures vanquished.

Grand Total: 387 creatures vanquished

Notes
Turn   | Place    | Note
-------+----------+-------------------------------------------
     0 | D:1      | BeowulfAlex the Gargoyle Earth Elementalist began the quest
                  | for the Orb.
     0 | D:1      | Reached XP level 1. HP: 10/10 MP: 3/3
    43 | D:1      | Reached skill level 4 in Earth Magic
    43 | D:1      | Reached XP level 2. HP: 6/16 MP: 0/5
   281 | D:1      | Reached skill level 1 in Fighting
   623 | D:1      | Reached XP level 3. HP: 5/20 MP: 3/6
  1305 | D:2      | Learned a level 3 spell: Stone Arrow
  1591 | D:2      | Reached XP level 4. HP: 12/25 MP: 0/7
  1830 | D:2      | Found a sparkling altar of Nemelex Xobeh.
  2313 | D:2      | Reached skill level 5 in Earth Magic
  3100 | D:3      | Found a runed translucent door.
  3101 | D:3      | Noticed Crazy Yiuf
  3110 | D:3      | Killed Crazy Yiuf
  3110 | D:3      | Reached skill level 1 in Conjurations
  3179 | D:3      | Reached XP level 5. HP: 28/30 MP: 2/9
  3180 | D:3      | Noticed Grinder
  3435 | D:3      | Reached skill level 1 in Maces & Flails
  3439 | D:3      | Killed Grinder
  3439 | D:3      | Reached skill level 6 in Earth Magic
  3439 | D:3      | Reached XP level 6. HP: 25/36 MP: 0/10
  3460 | D:3      | Noticed Sigmund
  3541 | D:3      | Killed Sigmund
  3541 | D:3      | Reached XP level 7. HP: 26/41 MP: 2/12
  3883 | D:4      | Learned a level 4 spell: Petrify
  4090 | D:4      | Reached skill level 7 in Earth Magic
  4157 | D:4      | Noticed Menkaure
  4164 | D:4      | Killed Menkaure
  4234 | D:4      | Reached skill level 1 in Armour
  4234 | D:4      | Reached XP level 8. HP: 48/48 MP: 7/13
  4728 | D:4      | Noticed Blork the orc
  4732 | D:4      | Killed Blork the orc
  5256 | D:5      | Entered Level 5 of the Dungeon
  5256 | D:5      | Found a bloodstained altar of Trog.
  5314 | D:5      | Reached skill level 5 in Fighting
  5314 | D:5      | Reached skill level 8 in Earth Magic
  5451 | D:5      | Noticed Ijyb
  5467 | D:5      | Killed Ijyb
  5797 | D:5      | Found a staircase to the Ecumenical Temple.
  5804 | Temple   | Entered the Ecumenical Temple
  5974 | Temple   | Became a worshipper of Vehumet
  6011 | D:5      | Reached XP level 9. HP: 54/54 MP: 8/15
  6716 | D:6      | Noticed Pikel
  6730 | D:6      | Killed Pikel
  6804 | D:6      | Reached skill level 9 in Earth Magic
  6989 | D:6      | Reached skill level 5 in Conjurations
  7145 | D:6      | Learned a level 5 spell: Lee's Rapid Deconstruction
  7148 | D:6      | Learned a level 2 spell: Swiftness
  7166 | D:6      | Reached * piety under Vehumet
  7166 | D:6      | Offered knowledge of Foxfire by Vehumet.
  7644 | D:7      | Reached XP level 10. HP: 63/63 MP: 9/17
  7730 | D:7      | Reached skill level 1 in Charms
  7785 | D:7      | Reached skill level 5 in Spellcasting
  7849 | D:7      | Reached skill level 1 in Air Magic
  8216 | D:7      | Noticed Dowan
  8219 | D:7      | Killed Dowan
  8222 | D:7      | Noticed Duvessa
  8244 | D:7      | Killed Duvessa
  8472 | D:7      | Reached skill level 10 in Earth Magic
  8747 | D:8      | Found a shadowy altar of Dithmenos.
  8770 | D:8      | Noticed Grum
  8777 | D:8      | Reached ** piety under Vehumet
  8777 | D:8      | Offered knowledge of Freeze by Vehumet.
  8811 | D:8      | Killed Grum
  9383 | D:8      | Reached skill level 5 in Maces & Flails
  9614 | D:9      | Noticed a two-headed ogre
  9615 | D:9      | Noticed a molten gargoyle
  9658 | D:9      | Noticed a molten gargoyle
  9663 | D:9      | Killed a molten gargoyle
  9724 | D:9      | Noticed a molten gargoyle
  9794 | D:9      | Noticed a molten gargoyle
  9797 | D:9      | Killed a molten gargoyle
  9797 | D:9      | Reached skill level 5 in Armour
 10010 | D:9      | Killed a two-headed ogre
 10010 | D:9      | Reached XP level 11. HP: 69/69 MP: 15/19
 10198 | D:9      | Reached skill level 11 in Earth Magic
 10646 | D:10     | Entered Level 10 of the Dungeon
 10655 | D:10     | Noticed Maurice
 10661 | D:10     | Paralysed by Maurice for 6 turns
 10674 | D:10     | Killed Maurice
 10795 | D:10     | Offered knowledge of Inner Flame by Vehumet.
 10932 | D:10     | Found a staircase to the Orcish Mines.
 10958 | D:10     | Noticed a two-headed ogre
 10967 | D:10     | Killed a two-headed ogre
 11146 | D:10     | Found Hirrek's Food Shoppe.
 11274 | D:10     | Noticed a death yak
 11275 | D:10     | Found a staircase to the Lair.
 11276 | D:10     | Noticed a death yak
 11283 | D:10     | Noticed a death yak
 11289 | D:10     | Killed a death yak
 11597 | D:10     | Killed an unseen horror
 11641 | D:10     | Found a roughly hewn altar of Beogh.
 11646 | D:10     | Reached *** piety under Vehumet
 11782 | D:10     | Found a portal to a secret trove of treasure.
 11846 | Lair:1   | Entered Level 1 of the Lair of Beasts
 11962 | Lair:1   | Noticed Nergalle
 11977 | Lair:1   | Killed Nergalle
 12251 | Lair:1   | Offered knowledge of Ignite Poison by Vehumet.
 12598 | Lair:1   | Reached XP level 12. HP: 77/77 MP: 5/21
 12807 | Lair:1   | Reached skill level 12 in Earth Magic
 12830 | Lair:1   | You fall into a shaft and drop 1 floor!
 13081 | Lair:2   | Reached skill level 10 in Fighting
 13851 | Lair:3   | Found a runed translucent gate.
 13851 | Lair:3   | Found a runed translucent gate.
 13851 | Lair:3   | Found a runed translucent gate.
 13851 | Lair:3   | Noticed Tudghun's ghost (journeyman MfSk)
 14144 | Lair:3   | Reached **** piety under Vehumet
 14356 | Lair:3   | Offered knowledge of Yara's Violent Unravelling by Vehumet.
 14377 | Lair:3   | Learned a level 5 spell: Yara's Violent Unravelling
 14950 | Lair:3   | Found a hole to the Spider Nest.
 15243 | Lair:4   | Reached skill level 13 in Earth Magic
 15258 | Lair:4   | Reached XP level 13. HP: 84/84 MP: 3/23
 15280 | Lair:4   | Found a staircase to the Shoals.
 15964 | Lair:5   | Reached skill level 1 in Transmutations
 16229 | Lair:5   | Found a staircase to the Slime Pits.
 16230 | Lair:5   | Found a viscous altar of Jiyva.
 16237 | Lair:5   | Reached skill level 1 in Hexes
 17111 | Lair:6   | Entered Level 6 of the Lair of Beasts
 17114 | Lair:6   | Reached ***** piety under Vehumet
 17114 | Lair:6   | Offered knowledge of Starburst by Vehumet.
 17171 | Lair:6   | Found a gate leading to a gauntlet.
 17178 | Gauntlet | Entered a Gauntlet
 17178 | Gauntlet | Found a transporter.
 17178 | Gauntlet | Found a transporter.
 17180 | Gauntlet | Found a transporter.
 17180 | Gauntlet | Found a transporter.
 17198 | Gauntlet | Found a transporter.
 17202 | Gauntlet | Found a runed translucent door.
 17204 | Gauntlet | Found a runed translucent door.
 17206 | Gauntlet | Found a transporter.
 17210 | Gauntlet | Found a transporter.
 17219 | Gauntlet | Found a transporter.
 17234 | Gauntlet | Found a transporter.
 17237 | Gauntlet | Noticed a dire elephant
 17248 | Gauntlet | Found a transporter.
 17252 | Gauntlet | Found a transporter.
 17254 | Gauntlet | Found a runed translucent gate.
 17254 | Gauntlet | Found a runed translucent gate.
 17254 | Gauntlet | Found a runed translucent gate.
 17264 | Gauntlet | Found a transporter.
 17511 | Gauntlet | Identified the +4 halberd of the Ancient Dreams {flame,
                  | rElec Int+2}
 17511 | Gauntlet | Noticed a minotaur
 17537 | Gauntlet | HP: 1/85 [dire elephant (9)]
 17538 | Gauntlet | Annihilated by a dire elephant

Levels and vault maps discovered:
D:1:      tarquinn_simple_flora_water_e, layout_loops_ring
D:2:      layout_loops_corners, marbit_many_paths, grunt_ministairs_15,
          kennysheep_generic_room_10
D:3:      layout_basic, first_ration, minmay_fractal_squares_gapless_5,
          uniq_crazy_yiuf_cottage, uniq_sigmund, uniq_grinder
D:4:      layout_gridville, uniq_menkaure, uniq_blork_the_orc
D:5:      layout_loops_corners, minmay_temple_entry_ruins, basic_altar,
          chequers_big_river, uniq_ijyb
D:6:      layout_basic, uniq_pikel
D:7:      layout_basic, the_bakery, uniq_duvessa
D:8:      layout_loops_ring, nicolae_dithmenos_the_darkroom, uniq_grum
D:9:      layout_loops_cross, minivault_8
D:10:     layout_loops_ring, dpeg_lair_monsters, minmay_orc_entry_temple_small,
          serial_shops, shop_coins, nicolae_trove_entry_crystal, uniq_maurice
Temple:   minmay_crystal_snake_temple
Lair:1:   layout_cave_shapes, uniq_nergalle
Lair:2:   layout_roguey
Lair:3:   layout_chaotic_city, spider_nest_entry_funnel_web,
          gammafunk_ghost_split, chequers_serial_rivers_small_a,
          infiniplex_staircase_pool_2, grunt_megastairs_2
Lair:4:   layout_loops_ring, minmay_shoals_entry_centaurs
Lair:5:   layout_cave_pods, slime_altar_1
Lair:6:   due_jungle_book, layout_loops_ring, gauntlet_entry_generic,
          uniq_snorg, uniq_nessos
Gauntlet: minmay_gauntlet_77_indecision [minmay_gauntlet_arena_77_two_paths,
          minmay_gauntlet_arena_77_terracotta_army,
          minmay_gauntlet_arena_77_run_for_it, minmay_gauntlet_arena_77_cramped,
          minmay_gauntlet_arena_77_box, minmay_gauntlet_arena_77_tiled_triplets,
          gauntlet_exit_hidden_loot]

Skill      XL: |  1  2  3  4  5  6  7  8  9 10 11 12 13 |
---------------+----------------------------------------+-----
Earth Magic    | 4 5 6 7 8 9 10 11 13 | 13.6
Fighting       | 1 2 3 4 5 7 8 9 11 | 11.7
Conjurations   | 1 2 3 4 5 6 7 8 |  8.7
Maces & Flails | 1 2 3 4 5 6 7 |  7.7
Spellcasting   | 3 4 5 6 7 |  7.6
Armour         | 1 2 3 5 6 7 |  7.9
Charms         | 2 3 |  3.0
Air Magic      | 2 3 |  3.0
Dodging        | 2 |  2.0
Transmutations | 1 |  1.0
Hexes          | 1 |  1.0
Stealth        | |  2.1

Action                   |  1- 3 |  4- 6 |  7- 9 | 10-12 | 13-15 || total
-------------------------+-------+-------+-------+-------+-------++-------
Melee: Unarmed           |    17 |       |       |       |       ||    17
       Dagger            |   103 |    62 |       |       |       ||   165
       Short sword       |     3 |    38 |       |       |       ||    41
       Quarterstaff      |       |    10 |       |       |       ||    10
       Mace              |       |    14 |   183 |       |       ||   197
       Whip              |       |       |    93 |       |       ||    93
       Dire flail        |       |       |       |   495 |   150 ||   645
Throw: Stone             |       |     2 |       |       |       ||     2
       Boomerang         |       |     2 |     2 |       |       ||     4
       Dart              |       |       |       |    10 |     1 ||    11
       Javelin           |       |       |       |       |     3 ||     3
 Cast: Sandblast         |    15 |    22 |    67 |    34 |    14 ||   152
       Stone Arrow       |     3 |     4 |    36 |   157 |    41 ||   241
       Lee's Rapid Decon |       |       |     4 |    37 |    16 ||    57
       Petrify           |       |       |       |    15 |     2 ||    17
       Swiftness         |       |       |       |     2 |       ||     2
Evoke: Wand              |       |       |       |       |     3 ||     3
  Use: Scroll            |       |       |     7 |     9 |     2 ||    18
       Potion            |       |       |       |       |     3 ||     3
 Stab: Sleeping          |     3 |     4 |       |     4 |     1 ||    12
       Distracted        |       |       |     1 |       |       ||     1
       Petrified         |       |       |       |    40 |       ||    40
       Confused          |       |       |       |       |     1 ||     1
  Eat: Chunk             |     3 |     7 |    17 |    34 |     9 ||    70
       Ration            |       |       |       |     3 |     1 ||     4
Armor: Robe              |    47 |    54 |   156 |    85 |       ||   342
       Troll leather arm |       |       |       |   216 |   118 ||   334
Dodge: Dodged            |    79 |    82 |   212 |   341 |   109 ||   823

Table legend:
 A = Non-vault XP
 B = Vault XP
 C = Vault XP percentage of total XP
 D = Non-vault monster count
 E = Vault monster count
 F = Vault count percentage of total count
                 A         B        C        D         E       F
            +---------+---------+-------+---------+---------+-------
      Total |   34655 |    9029 |  20.7 |     321 |      55 |  14.6
            +---------+---------+-------+---------+---------+-------
        D:1 |      34 |       0 |   0.0 |      16 |       0 |   0.0
        D:2 |      47 |      26 |  35.6 |      19 |       4 |  17.4
        D:3 |     115 |     581 |  83.5 |      18 |       8 |  30.8
        D:4 |     690 |     252 |  26.8 |      25 |       2 |   7.4
        D:5 |     755 |      29 |   3.7 |      27 |       1 |   3.6
        D:6 |    1210 |     617 |  33.8 |      25 |       1 |   3.8
        D:7 |    1349 |     422 |  23.8 |      29 |       3 |   9.4
        D:8 |    1111 |     658 |  37.2 |      23 |       5 |  17.9
        D:9 |     741 |    1770 |  70.5 |      17 |       4 |  19.0
       D:10 |    3898 |    1476 |  27.5 |      26 |      11 |  29.7
     Lair:1 |    2716 |     792 |  22.6 |      14 |       1 |   6.7
     Lair:2 |    3432 |       0 |   0.0 |      14 |       0 |   0.0
     Lair:3 |    6703 |    1059 |  13.6 |      25 |       5 |  16.7
     Lair:4 |    2645 |     560 |  17.5 |      12 |       5 |  29.4
     Lair:5 |    7587 |       0 |   0.0 |      24 |       0 |   0.0
     Lair:6 |    1622 |       0 |   0.0 |       7 |       0 |   0.0
   Gauntlet |       0 |     787 | 100.0 |       0 |       5 | 100.0
            +---------+---------+-------+---------+---------+-------
